 Dungeon Crawl Stone Soup version 0.29-a0-271-gd4eb659eea (webtiles) character file.

Game seed: 1402630117261829955

29598 Gildeon the Cleaver (level 13, -2/92 HPs)
             Began as a Formicid Fighter on Mar 5, 2022.
             Was a High Priest of Hepliaklqana.
             Slain by a death yak (17 damage)
             ... on level 3 of the Lair of Beasts on Mar 8, 2022.
             The game lasted 00:49:55 (14915 turns).

Gildeon the Cleaver (Formicid Fighter)             Turns: 14915, Time: 00:49:55

Health: -2/92      AC: 25    Str: 26    XL:     13   Next: 82%
Magic:  16/16      EV: 12    Int: 12    God:    Hepliaklqana [*****.]
Gold:   305        SH: 15    Dex: 21    Spells: 16/17 levels left

rFire   . . .      SeeInvis +   h - +3 hand axe (freeze)
rCold   + . .      Faith    .   d - +2 kite shield
rNeg    . . .      Spirit   .   C - +1 plate armour {rC+}
rPois   +          Reflect  .   (helmet unavailable)
rElec   .          Harm     .   a - +2 cloak {rPois}
rCorr   .          Rampage  .   I - +2 pair of gloves of Limited Liability {Dex+3}
Will    +....                   y - +2 pair of boots
Stlth   ..........              n - amulet of magic regeneration
HPRegen 0.25/turn               b - +6 ring of dexterity
MPRegen 0.55/turn               o - +6 ring of strength

@: studying Unarmed Combat
A: reduced essence, permanent stasis, dig shafts and tunnels, antennae 3, four
strong arms
a: Dig, Shaft Self, Renounce Religion, Recall Ancestor, Ancestor Identity,
Transference, Idealise


You were on level 3 of the Lair of Beasts.
You worshipped Hepliaklqana.
Hepliaklqana was extremely pleased with you.
You visited 3 branches of the dungeon, and saw 15 of its levels.

You collected 949 gold pieces.
You spent 644 gold pieces at shops.

Inventory:

Hand Weapons
 h - a +3 hand axe of freezing (weapon)
 r - a +2 mace of protection
 u - a +3 morningstar
 w - a +2 trident of venom
 G - a +2 battleaxe
Armour
 a - a +2 cloak of poison resistance (worn)
 d - a +2 kite shield (worn)
 y - a +2 pair of boots (worn)
 C - a +1 plate armour of cold resistance (worn)
 I - the +2 pair of gloves of Limited Liability (worn) {Dex+3}
   (You bought it in a shop on level 2 of the Dungeon)

   Dex:       It affects your dexterity (+3).
Jewellery
 b - a +6 ring of dexterity (left hand)
 c - a ring of willpower
 m - a ring of protection from cold
 n - an amulet of magic regeneration (around neck)
 o - a +6 ring of strength (right hand)
 D - a ring of poison resistance
Wands
 f - a wand of digging (4)
 q - a wand of paralysis (8)
 s - a wand of flame (18)
 z - a wand of mindburst (7)
Scrolls
 p - 2 scrolls of fear
 v - a scroll of amnesia
 A - a scroll of magic mapping {unknown}
 B - a scroll of identify
 E - a scroll of silence {unknown}
 H - a scroll of enchant weapon {unknown}
 J - a scroll of blinking {unknown}
 K - 3 scrolls of fog {unknown}
Potions
 e - 2 potions of brilliance
 g - 2 potions of lignification
 i - 2 potions of cancellation
 j - a potion of flight
 l - 3 potions of magic
 t - a potion of resistance
 x - a potion of ambrosia
 F - a potion of might


   Skills:
 + Level 9.9 Fighting
 * Level 12.5(13.0) Axes
 - Level 2.1(8.3) Maces & Flails
 - Level 4.9(9.5) Polearms
 + Level 9.7 Armour
 + Level 8.7 Dodging
 - Level 10.0 Shields
 - Level 2.5 Spellcasting
 - Level 2.5 Conjurations
 - Level 2.5 Fire Magic
 - Level 2.5 Invocations
 - Level 2.5 Evocations


You had 16 spell levels left.
You knew the following spells:

 Your Spells              Type           Power      Damage    Failure   Level
a - Foxfire               Conj/Fire      28%        2x1d5     86%         1

Your spell library contained the following spells:

 Spells                   Type           Power      Damage    Failure   Level
 Slow                     Hex            4%         N/A       99%         1
 Conjure Flame            Conj/Fire      7%         6-21      99%         3
 Corpse Rot               Necr/Air       2%         N/A       100%        2
 Poisonous Vapours        Pois/Air       2%         N/A       100%        2
 Confusing Touch          Hex            1%         N/A       100%        3
 Inner Flame              Hex/Fire       4%         N/A       100%        3
 Vampiric Draining        Necr           1%         2d6       100%        3
 Flame Wave               Conj/Fire      7%         2d5       100%        4
 Leda's Liquefaction      Hex/Erth       0%         N/A       100%        4
 Fireball                 Conj/Fire      3%         3d4       100%        5
 Iskenderun's Battlesphe  Conj           7%         2d6       100%        5
 Lee's Rapid Deconstruct  Erth           0%         3d5*      100%        5
 Summon Forest            Summ/Tloc      0%         N/A       100%        5
 Summon Mana Viper        Hex/Summ       1%         N/A       100%        5
 Yara's Violent Unravell  Hex/Tmut       0%         3d3       100%        5
 Conjure Ball Lightning   Conj/Air       2%         3x3d6     100%        6
 Statue Form              Tmut/Erth      0%         N/A       100%        6
 Summon Cactus Giant      Summ           0%         N/A       100%        6
 Enfeeble                 Hex            0%         N/A       100%        7
 Orb of Destruction       Conj           3%         9d5       100%        7


Dungeon Overview and Level Annotations

Branches:
Dungeon (11/15)            Temple (1/1) D:4            Lair (3/6) D:8
    Orc (0/2) D:9
  Swamp: Lair:2-4    Shoals: Lair:2-4     Snake: Lair:2-4    Spider: Lair:2-4

Altars:
Ashenzari
Cheibriados
Dithmenos
Elyvilon
Fedhas
Gozag
Hepliaklqana
Kikubaaqudgha
Makhleb
Nemelex Xobeh
Okawaru
Qazlal
Ru
Sif Muna
Trog
Uskayaw
Vehumet
Wu Jian
Xom
Yredelemnul
Zin
The Shining One

Shops:
D:1 ?   D:2 *   D:4 *   D:6 *

Annotations:
D:11 Josephine
Lair:3 1 runed translucent door, Anon1729's ghost, journeyman OpMo


Innate Abilities, Weirdness & Mutations

Your life essence is reduced to manifest your ancestor. (-10% HP)
You cannot be hasted, slowed, berserked, paralysed or teleported.
You can dig through walls and to a lower floor.
You have a pair of large antennae on your head. (SInv)
Your four strong arms can wield two-handed weapons with a shield.


Message History

You block the death yak's attack.
You hit the death yak but do no damage.
The death yak is lightly wounded.
You hit the death yak but do no damage. x3
Grums points at the death yak and mumbles some strange words.
The stone arrow hits the death yak!
The death yak dies!
Unknown command.
You hit the death yak but do no damage.
The death yak is lightly wounded.
You hit the death yak. You freeze the death yak.
You hit the death yak but do no damage. The death yak gores you.
* * * LOW HITPOINT WARNING * * *
The death yak gores you but does no damage.
You block the death yak's attack.
You hit the death yak. You freeze the death yak.
The death yak is moderately wounded.
You hit the death yak but do no damage. x2
Grums hits the death yak with a +0 quarterstaff.
The death yak barely misses Grums.
The death yak completely misses you. You block the death yak's attack.
Unknown command.
You slash the death yak! You freeze the death yak.
The death yak is heavily wounded.
You slash the death yak! You freeze the death yak.
You hit the death yak but do no damage.
Grums gestures at the death yak while chanting.
The stone arrow hits the death yak!!
Unknown command.
You hit the death yak. You freeze the death yak.
The death yak is severely wounded.
You barely miss the death yak. You hit the death yak. You freeze the death yak.
The death yak misses you. x2; You block the death yak's attack.
Grums hits the death yak with a +0 quarterstaff!
Unknown command.
You barely miss the death yak.
The death yak is almost dead.
You hit the death yak. You freeze the death yak. You hit the death yak.
You freeze the death yak. The death yak gores you!
You die...

.....# # .....# # #....#
# ########### ###....##
# ####
.#..#.#.#.####.......##.
..#..#
.††.....................
......
........................
......
..)..............Y...$..
......
................@R......
......
...............YY.......
.^....
........................
......
........................
......
####P#..#.####.#####.#..
.####. ## ### ## # ##


You could see the friendly Grums the battlemage and 3 death yaks.

Vanquished Creatures
  Snorg (Lair:3)
  Erica (Lair:2)
  Nergalle (Lair:3)
  A cyclops (D:11)
  A torpor snail (Lair:2)
  2 cane toads
  A gargoyle (D:11)
  A rime drake (Lair:2)
  A komodo dragon (Lair:2)
  A kobold demonologist (D:9)
  The ghost of Crownlay the Digger, a novice GrEE of Vehumet (D:4)
  A polar bear (Lair:3)
  5 trolls
  A human (D:10)
  17 yaks
  2 wyverns
  A basilisk (Lair:2)
  A steam dragon (D:10)
  3 water moccasins
  A black bear (Lair:3)
  4 orc warriors
  A sky beast (D:8)
  An ice beast (D:7)
  7 ogres
  4 wolves (Lair:1)
  A centaur (D:7)
  A phantom (D:6)
  6 gnoll sergeants
  3 kobold brigands (D:9)
  3 scorpions
  6 bullfrogs
  7 wights
  3 killer bees (D:11)
  4 howler monkeys
  2 hounds
  A jelly (D:2)
  2 orc priests
  A gnoll shaman (D:9)
  2 iguanas (D:4)
  2 orc wizards
  13 gnolls
  3 adders
  A white imp (D:5)
  An ufetubus (D:5)
  A worm (D:5)
  A dart slug (D:1)
  21 orcs
  6 ball pythons
  2 bats (D:1)
  7 endoplasms
  6 giant cockroaches
  3 goblins
  4 hobgoblins
  4 jackals (D:3)
  7 kobolds
  4 quokkas
  2 frilled lizards
  8 rats
199 creatures vanquished.

Vanquished Creatures (collateral kills)
  A boulder beetle (Lair:2)
  4 death yaks
  2 black mambas
  2 cane toads
  4 polar bears (Lair:3)
  2 trolls (D:9)
  Prince Ribbit (D:6)
  3 yaks
  A wraith (D:11)
  A basilisk (Lair:3)
  A human (D:10)
  A wyvern (D:6)
  A steam dragon (D:7)
  6 water moccasins
  5 black bears (Lair:3)
  An ogre (D:4)
  3 centaurs (D:11)
  5 wolves (Lair:1)
  3 bullfrogs
  A necrophage (D:7)
  A gnoll sergeant (D:7)
  A scorpion (D:6)
  7 wights
  2 killer bees (D:11)
  2 howler monkeys
  3 orc priests
  2 gnoll shamans
  2 orc wizards
  8 gnolls
  An adder (D:6)
  An ufetubus (D:5)
  5 orcs
  2 quokkas (D:5)
85 creatures vanquished.

Vanquished Creatures (others)
  7 battlemagi
  5 fungi
  12 plants
24 creatures vanquished.

Grand Total: 308 creatures vanquished

Notes
Turn   | Place    | Note
-------+----------+-------------------------------------------
     0 | D:1      | Gildeon the Formicid Fighter began the quest for the Orb.
     0 | D:1      | Reached XP level 1. HP: 18/18 MP: 1/1
   166 | D:1      | Reached XP level 2. HP: 24/24 MP: 2/2
   404 | D:1      | Found a faded altar of an unknown god.
   515 | D:1      | Found Syrphas's Magic Scroll Emporium.
   519 | D:1      | Bought a scroll of identify for 22 gold pieces
   519 | D:1      | Bought a scroll of identify for 22 gold pieces
   519 | D:1      | Bought a scroll of identify for 22 gold pieces
   784 | D:1      | Reached XP level 3. HP: 29/29 MP: 3/3
  1227 | D:2      | Found Erhojaga's General Store.
  1267 | D:2      | Reached XP level 4. HP: 34/36 MP: 4/4
  1424 | D:2      | Reached skill level 1 in Dodging
  1635 | D:2      | Found a hazy altar of Hepliaklqana.
  1665 | D:2      | Became a worshipper of Hepliaklqana the Forgotten
  2238 | D:3      | Reached XP level 5. HP: 34/42 MP: 5/5
  2368 | D:3      | Found a glowing golden altar of the Shining One.
  2376 | D:3      | Found a blossoming altar of Fedhas.
  2480 | D:3      | Found a shadowy altar of Dithmenos.
  2606 | D:3      | Learned a level 1 spell: Foxfire
  2907 | D:4      | Found a staircase to the Ecumenical Temple.
  2918 | Temple   | Entered the Ecumenical Temple
  3428 | D:4      | Found a transporter.
  3428 | D:4      | Found a transporter.
  3429 | D:4      | Noticed Crownlay's ghost (novice GrEE)
  3429 | D:4      | Noticed an ogre
  3431 | D:4      | Identified the +6 giant club "Ydach" {protect, Str+8 Int+5
                  | Dex-3}
  3431 | D:4      | Noticed an ogre
  3489 | D:4      | Identified the +1 leather armour "Trusted Companion"
                  | {Contam Rampage rPois Stlth+}
  3651 | D:4      | Noticed an ogre
  3666 | D:4      | Killed an ogre
  3667 | D:4      | Reached XP level 6. HP: 10/48 MP: 6/6
  4052 | D:4      | Found Xiveas's Elemental Accessories.
  4387 | D:4      | Reached * piety under Hepliaklqana
  4395 | D:4      | Found a faded altar of an unknown god.
  4395 | D:4      | Found a faded altar of an unknown god.
  4396 | D:4      | Found a faded altar of an unknown god.
  4396 | D:4      | Found a hazy altar of Hepliaklqana.
  4478 | D:5      | Entered Level 5 of the Dungeon
  4761 | D:5      | Reached XP level 7. HP: 49/49 MP: 7/7
  5123 | D:5      | Reached skill level 5 in Shields
  5207 | D:5      | Noticed a water moccasin
  5213 | D:5      | Killed a water moccasin
  5332 | D:5      | Reached ** piety under Hepliaklqana
  5333 | D:5      | Remembered your ancestor Grums as a battlemage
  5753 | D:2      | Bought a +1 cloak of poison resistance for 189 gold pieces
  5870 | D:6      | Reached skill level 1 in Maces & Flails
  5875 | D:6      | Reached skill level 5 in Fighting
  5875 | D:6      | Reached skill level 5 in Armour
  5875 | D:6      | Reached XP level 8. HP: 38/55 MP: 8/8
  6042 | D:6      | Reached skill level 1 in Axes
  6120 | D:6      | Reached skill level 2 in Axes
  6256 | D:6      | Noticed a wyvern
  6262 | D:6      | Killed a wyvern
  6263 | D:6      | Reached skill level 3 in Axes
  6620 | D:6      | Reached skill level 4 in Axes
  6798 | D:6      | Noticed Prince Ribbit
  6804 | D:6      | Killed Prince Ribbit
  6805 | D:6      | Reached XP level 9. HP: 58/61 MP: 8/10
  6971 | D:6      | Found Tuci's General Store.
  7022 | D:7      | Reached skill level 1 in Spellcasting
  7022 | D:7      | Reached skill level 1 in Fire Magic
  7022 | D:7      | Reached skill level 1 in Invocations
  7022 | D:7      | Reached skill level 1 in Evocations
  7038 | D:7      | Reached skill level 1 in Conjurations
  7193 | D:7      | Reached skill level 5 in Axes
  7327 | D:7      | Reached *** piety under Hepliaklqana
  7384 | D:7      | Upgraded the game from 0.29-a0-251-g80730f7218 to
                  | 0.29-a0-266-gf56f883ddd
  7685 | D:8      | Found a staircase to the Lair.
  7799 | D:8      | Reached skill level 6 in Axes
  7799 | D:8      | Reached skill level 5 in Dodging
  7799 | D:8      | Reached XP level 10. HP: 57/66 MP: 13/13
  8946 | D:9      | Reached skill level 7 in Axes
  9147 | D:9      | Noticed a kobold demonologist
  9155 | D:9      | Noticed an orange demon
  9155 | D:9      | Killed a kobold demonologist
  9641 | D:9      | Reached **** piety under Hepliaklqana
  9890 | D:9      | Found a glowing silver altar of Zin.
  9890 | D:9      | Noticed an angel
  9918 | D:9      | Found a staircase to the Orcish Mines.
  9984 | D:9      | Reached skill level 8 in Axes
  9984 | D:9      | Reached XP level 11. HP: 23/73 MP: 14/14
 10310 | D:10     | Entered Level 10 of the Dungeon
 10590 | D:10     | Found an iron altar of Okawaru.
 11084 | D:11     | Noticed a cyclops
 11101 | D:11     | Killed a cyclops
 11103 | D:11     | HP: 3/75 [troll (8)]
 11598 | D:11     | Reached skill level 9 in Axes
 11669 | D:11     | Noticed Josephine
 12048 | D:2      | Bought the +2 pair of gloves of Limited Liability {Dex+3}
                  | for 389 gold pieces
 12128 | D:4      | Killed Crownlay's ghost
 12222 | Lair:1   | Entered Level 1 of the Lair of Beasts
 12223 | Lair:1   | Reached skill level 10 in Axes
 12223 | Lair:1   | Reached XP level 12. HP: 83/83 MP: 15/15
 12401 | Lair:1   | Reached ***** piety under Hepliaklqana
 12680 | Lair:1   | Reached skill level 11 in Axes
 13045 | Lair:2   | Found an ancient bone altar of Kikubaaqudgha.
 13052 | Lair:2   | Noticed Erica
 13063 | Lair:2   | Killed Erica
 13064 | Lair:2   | Reached XP level 13. HP: 83/89 MP: 16/16
 13305 | Lair:2   | You fall into a shaft and drop 1 floor!
 13328 | Lair:3   | Found a runed translucent door.
 13330 | Lair:3   | Noticed Anon1729's ghost (journeyman OpMo)
 13332 | Lair:3   | Identified the +7 trident of the Hummingbird {vorpal,
                  | Int+3}
 13339 | Lair:3   | Noticed Nergalle
 13354 | Lair:3   | Killed Nergalle
 13511 | Lair:2   | Upgraded the game from 0.29-a0-266-gf56f883ddd to
                  | 0.29-a0-271-gd4eb659eea
 13857 | Lair:2   | Reached skill level 10 in Shields
 14284 | Lair:3   | Noticed a boulder beetle
 14301 | Lair:2   | Killed a boulder beetle
 14415 | Lair:3   | Reached skill level 12 in Axes
 14494 | Lair:3   | Noticed Snorg
 14512 | Lair:3   | Killed Snorg
 14915 | Lair:3   | Slain by a death yak

Illustrated notes

Levels and vault maps discovered:
D:1:      dpeg_arrival_simpleton_c, layout_basic, serial_shops, shop_fountains,
          chequers_ecumenical_altar_island
D:2:      layout_loops_ring, basic_altar, serial_shops,
          nicolae_shop_hallway_plus, grunt_ministairs_4
D:3:      layout_basic, mainiacjoe_overflow_brackets,
          mainiacjoe_overflow_big_doors, st_stairs_1
D:4:      layout_loops_ring, nicolae_hepliaklqana_ecumenical_no_more,
          minmay_temple_entry_slanted, gammafunk_ghost_smash,
          kennysheep_cluttered_room, nicolae_elemental_shop,
          kennysheep_small_spiral, minmay_misc_feat_doors,
          minmay_misc_feat_alley
D:5:      layout_gridville
D:6:      layout_gridville, serial_shops, nicolae_shop_window_shopping,
          uniq_prince_ribbit1
D:7:      layout_cave_pools, serial_bayou_pond_d
D:8:      hellmonk_warped_wall, layout_basic, lair_entry_dummy,
          skrybe_limestone_x, kennysheep_nub
D:9:      layout_loops_ring, zin_angel, kennysheep_orc_monster_closet_entryway
D:10:     layout_basic, okawaru_humans
D:11:     layout_basic, serial_co_window_serial, co_window_of_opportunity_a,
          co_window_corner_a, co_window_corner_a, co_window_paths_a,
          co_window_corner_a, co_window_cross_3, co_window_unsneaky_path_c,
          co_window_corner_cb, co_window_broadway_b, co_window_broadway_a,
          co_window_4corner_b, co_window_4corner_a, glass_columns_a,
          glass_columns_b, glass_columns_b, glass_columns_a, minivault_15,
          uniq_josephine
Temple:   eino_temple_rhombus
Lair:1:   layout_long_grid, minmay_holes, serial_bayou_shore_a,
          grunt_megastairs_1
Lair:2:   layout_cave_pods, basic_altar, patterned_corridor, uniq_erica
Lair:3:   beast_lair_carwin_large_4, layout_big_grid,
          ebering_ghost_funeral_grove, grunt_megastairs_3, uniq_amaemon,
          uniq_nergalle, uniq_snorg

Skill      XL: |  1  2  3  4  5  6  7  8  9 10 11 12 13 |
---------------+----------------------------------------+-----
Shields        | 4 5 6 8 9 10 | 10.0
Dodging        | 1 2 3 4 5 6 7 8 |  8.7
Polearms       | 3 4 |  4.9
Armour         | 4 5 6 8 9 |  9.7
Fighting       | 4 5 6 8 9 |  9.9
Maces & Flails | 1 2 |  2.1
Axes           | 4 6 8 10 11 12 | 12.5
Spellcasting   | 2 |  2.5
Fire Magic     | 2 |  2.5
Invocations    | 2 |  2.5
Evocations     | 2 |  2.5
Conjurations   | 2 |  2.5

Action                   |  1- 3 |  4- 6 |  7- 9 | 10-12 | 13-15 || total
-------------------------+-------+-------+-------+-------+-------++-------
Melee: Trident           |    77 |   206 |    28 |       |       ||   311
       Mace              |       |       |    20 |       |       ||    20
       Hand axe          |       |       |    88 |   334 |   206 ||   628
Invok: Ancestor Identity |       |     1 |       |       |       ||     1
       Ancestor Life: Ba |       |       |     1 |       |       ||     1
 Abil: Dig               |       |     1 |       |     1 |       ||     2
  Use: Scroll            |     9 |     5 |     3 |     4 |     1 ||    22
       Potion            |       |       |     2 |     6 |     1 ||     9
 Stab: Distracted        |       |       |     1 |     3 |     7 ||    11
Armor: Scale mail        |    42 |    54 |       |       |       ||    96
       Chain mail        |       |    50 |    55 |       |       ||   105
       Plate armour      |       |       |       |   159 |    88 ||   247
Dodge: Dodged            |    28 |    66 |    58 |   109 |    72 ||   333
Block: Buckler           |    15 |    43 |    41 |    45 |       ||   144
       Kite shield       |       |       |       |   136 |   121 ||   257

Table legend: (Time is in decaauts)
 A = Elapsed time spent in this place.
 B = Non-inter-level travel time spent in this place.
 C = Inter-level travel time spent in this place.
 D = Time resting spent in this place.
 E = Time spent auto-exploring this place.
 F = Levels seen in this place.
 G = Mean time per level.
                   A        B        C        D        E       F      G
               +--------+--------+--------+--------+--------+-----+--------+
         Total |  14933 |  14050 |    883 |    643 |  11052 |  15 |  995.5 |
       Dungeon |  12116 |  11333 |    783 |    643 |   8876 |  11 | 1101.5 |
        Temple |    168 |    150 |     18 |      0 |    138 |   1 |  168.0 |
          Lair |   2648 |   2567 |     81 |      0 |   2038 |   3 |  882.7 |
               +--------+--------+--------+--------+--------+-----+--------+

Top non-repeatable levels by time:
     D:9: 1646 daAuts
     D:4: 1614 daAuts
     D:2: 1414 daAuts
     D:5: 1316 daAuts
  Lair:2: 1183 daAuts
     D:6: 1183 daAuts
     D:8: 1079 daAuts
    D:10: 992 daAuts
     D:1: 893 daAuts
  Lair:1: 815 daAuts
     D:3: 744 daAuts
  Lair:3: 649 daAuts
     D:7: 642 daAuts
    D:11: 590 daAuts
  Temple: 168 daAuts
